 Dungeon Crawl Stone Soup version 0.19-a0-1720-gc855d72 (webtiles) character file.

78374 junb69 the Thaumaturge (level 14, 0/118 HPs)
             Began as a Demigod Wanderer on Sept 28, 2016.
             Killed from afar by a wizard (21 damage)
             ... with a stone arrow
             ... on level 13 of the Dungeon on Sept 29, 2016.
             The game lasted 02:08:45 (41588 turns).

junb69 the Thaumaturge (Demigod Wanderer)          Turns: 41588, Time: 02:08:46

Health: 0/118      AC: 13    Str: 12    XL:     14   Next: 77%
Magic:  0/36       EV: 17    Int: 32    God:
Gold:   499        SH: 11    Dex: 14    Spells: 6 memorised, 19 levels left

rFire  . . .     SeeInvis .     l - +1 mace "Xas Rurioth" {flame, Int+4}
rCold  . . .     Gourm    .     B - +2 robe {MR+}
rNeg   . . .     Faith    .     F - +1 buckler {rPois}
rPois  +         Spirit   .     Q - +1 helmet
rElec  .         Dismiss  .     g - +0 cloak
rCorr  .         Reflect  +     P - +1 pair of gloves
MR     ++...     Harm     .     K - +2 pair of boots
Stlth  +++.......               e - +5 amulet of reflection
                                C - ring of flight
                                i - ring of wizardry

@: very slightly contaminated
A: high mp 1
a: Evoke Flight


You were on level 13 of the Dungeon.
You were not hungry.

You visited 3 branches of the dungeon, and saw 21 of its levels.
You also visited: Labyrinth and Ice Cave.

You collected 1600 gold pieces.
You spent 1101 gold pieces at shops.

Inventory:

Hand Weapons
 l - the +1 mace "Xas Rurioth" (weapon) {flame, Int+4}
   (You bought it in a shop on level 1 of the Orcish Mines)

   It has been specially enchanted to burn those struck by it, causing extra
   injury to most foes and up to half again as much damage against particularly
   susceptible opponents.
   It affects your intelligence (+4).
 v - a +4 blowgun
Missiles
 x - 4 curare-tipped needles
Armour
 g - a +0 cloak (worn)
 s - a +3 leather armour of fire resistance
 B - a +2 robe of magic resistance (worn)
 F - a +1 buckler of poison resistance (worn)
 K - a +2 pair of boots (worn)
 P - a +1 pair of gloves (worn)
 Q - a +1 helmet (worn)
Rods
 Z - a +4 lightning rod (11/11)
   (You found it in a labyrinth)
Jewellery
 e - a +5 amulet of reflection (around neck)
 i - a ring of wizardry (left hand)
 C - a ring of flight (right hand)
Wands
 A - a wand of heal wounds (0/9)
Scrolls
 b - 3 scrolls of blinking
 d - 10 scrolls of teleportation
 j - 6 scrolls of remove curse
 n - 3 scrolls of enchant weapon
 q - 4 scrolls of amnesia
 r - 3 scrolls of magic mapping
 t - 4 scrolls of recharging
 z - 3 scrolls of silence
Potions
 a - 2 potions of cure mutation
 h - 4 potions of lignification
 m - 7 potions of curing
 p - 2 potions of brilliance
 u - a potion of berserk rage {unknown}
 E - 2 potions of might {unknown}
 I - 3 potions of resistance
 J - a potion of ambrosia {unknown}
 L - 2 potions of degeneration {unknown}
 M - a potion of heal wounds {unknown}
 N - 2 potions of cancellation {unknown}
 O - 4 potions of haste
 R - 2 potions of flight {unknown}
 S - a potion of agility {unknown}
Books
 y - a book of Summonings

   Spells                             Type                      Level
   a - Recall                         Summoning/Translocation      3
   b - Aura of Abjuration             Summoning                    5
   c - Summon Demon                   Summoning                    5
   d - Summon Forest                  Summoning/Translocation      5
   e - Summon Mana Viper              Hexes/Summoning              5
   f - Shadow Creatures               Summoning                    6
 G - a book of the Earth

   Spells                             Type                      Level
   a - Leda's Liquefaction            Hexes/Earth                  4
   b - Bolt of Magma                  Conjuration/Fire/Earth       5
   c - Statue Form                    Transmutation/Earth          6
   d - Iron Shot                      Conjuration/Earth            6
   e - Shatter                        Earth                        9
 H - a Necronomicon

   Spells                             Type                      Level
   a - Haunt                          Necromancy/Summoning         7
   b - Borgnjor's Revivification      Necromancy                   8
   c - Death's Door                   Charms/Necromancy            8
   d - Infestation                    Necromancy                   8
   e - Necromutation                  Transmutation/Necromancy     8
Comestibles
 f - 13 bread rations
 k - 5 meat rations


   Skills:
 - Level 9.1 Fighting
   Level 1.7 Short Blades
 - Level 1.0 Throwing
 - Level 8.5 Dodging
 - Level 4.0 Stealth
 * Level 4.0 Shields
 * Level 13.0 Spellcasting
 - Level 11.2 Conjurations
   Level 1.0 Summonings
 - Level 11.8 Earth Magic


You had 19 spell levels left.
You knew the following spells:

 Your Spells              Type           Power        Failure   Level  Hunger
a - Sandblast             Erth           ######       0%          1    None
b - Stone Arrow           Conj/Erth      ######       1%          3    None
c - Iron Shot             Conj/Erth      #######...   1%          6    ####...
d - Repel Missiles        Chrm/Air       ###...       1%          2    None
e - Statue Form           Tmut/Erth      ######...    14%         6    ####...
f - Blink                 Tloc           N/A          1%          2    None


Dungeon Overview and Level Annotations

Branches:
Dungeon (14/15)            Temple (0/1) D:5            Lair (5/6) D:11
  Swamp (0/4) Lair:2       Spider (0/4) Lair:4        Slime (0/5) Lair:5
    Orc (2/2) D:11            Elf (0/3) Orc:2
 Vaults: D:13-14

Shops:
D:4 [   Orc:1 (   Orc:2 [(*[=[

Annotations:
D:14 exclusion: Roxanne, Roxanne
Lair:2 exclusion: oklob plant
Lair:5 exclusion: 4 oklob plants


Innate Abilities, Weirdness & Mutations

You have an increased reservoir of magic. (+10% MP)


Message History

A stone arrow appears from out of thin air!
The stone arrow misses you.
Casting: Iron Shot
Confirm with . or Enter, or press ? or * to list all spells.
Aiming: Iron Shot
Press: ? - help, Shift-Dir - straight line The iron shot hits something.
Something hits you but does no damage. x2
Casting: Iron Shot
Confirm with . or Enter, or press ? or * to list all spells.
Aiming: Iron Shot
Press: ? - help, Shift-Dir - straight line Something hits you but does no damage.
You hear some strange, mumbled words.
A bolt of lightning appears from out of thin air!
The bolt of lightning hits you!
* * * LOW HITPOINT WARNING * * *
You hear some strange, mumbled words.
A stone arrow appears from out of thin air!
The stone arrow hits you!
You die...

...#................####.........
...#................####......#..
......#####...###.............#..
......#####...# #.............#..
..............# #................
#'###.......(.# #..######......).
....#.........# #..# #.....[))
....#.........###..# #..######
....#.........%.@..# #..######
....#.........{....# #........
....#.......######## #........
....#.......# ######.......)
....#[####'## #....#........
....[......# #....#...###..
...........# #....#...# #..
######.....# #....#...# #..
.....#.....# #....#...# #..


There were no monsters in sight!

Vanquished Creatures
  An orc warlord (Orc:2)
  Nessos (D:13)
  An ettin (Orc:2)
  Snorg (D:11)
  A vault guard (D:14)
  Harold (Lair:2)
  A minotaur (Lab)
  4 hydras
  Erica (Orc:1)
  3 centaur warriors (D:14)
  A tengu warrior (D:14)
  A catoblepas (Lair:5)
  The ghost of 4thArraOfDagon the Arsonist, a journeyman DEFE of Vehumet (Orc:2)
  3 death yaks (Lair:4)
  Urug (D:10)
  The ghost of kae the Carver, a novice FoFi of Qazlal (D:8)
  2 orc high priests (Orc:2)
  Sonja (Lair:2)
  An unseen horror (D:14)
  A wizard (D:14)
  6 hill giants
  A wolf spider zombie (D:12)
  3 deep elf magi
  A necromancer (D:14)
  5 orc knights
  2 cyclopes
  5 orc sorcerers
  8 ugly things
  13 slime creatures
  3 black mambas
  4 elephants
  Maurice (D:8)
  A torpor snail (Lair:2)
  A gargoyle (D:9)
  8 spiny frogs
  4 komodo dragons
  An efreet (D:13)
  A rime drake (Lair:4)
  A tengu conjurer (D:14)
  A polar bear (Lair:5)
  4 two-headed ogres
  4 trolls
  A meliai zombie (D:12)
  3 dream sheep (Lair:2)
  5 hippogriffs
  7 blink frogs
  60 yaks
  5 wyverns
  A vampire (D:14)
  Eustachio (D:4)
  2 wraiths
  A spriggan (D:13)
  15 humans
  Grum (D:9)
  2 vampire mosquitoes (D:13)
  6 wargs
  Menkaure (D:4)
  A soldier ant (D:11)
  10 water moccasins
  9 porcupines
  26 orc warriors
  11 ice beasts
  A black bear (Lair:2)
  13 ogres
  A sky beast (D:9)
  6 phantoms
  3 wasps
  An eye of draining (D:11)
  11 wolves
  13 centaurs
  10 crocodiles
  11 bullfrogs
  3 big kobolds
  A gnoll sergeant (D:11)
  A water moccasin zombie (D:7)
  A wyvern skeleton (D:11)
  8 scorpions
  4 troll zombies (D:11)
  4 killer bees (D:10)
  23 wights
  An electric eel (D:14)
  A howler monkey (D:4)
  7 crimson imps
  A bullfrog zombie (D:5)
  6 centaur zombies
  A quasit (D:11)
  6 hounds
  18 orc priests
  Crazy Yiuf (D:4)
  2 centaur skeletons
  4 jellies
  A bullfrog skeleton (D:11)
  8 iguanas
  Natasha (twice) (D:2)
  32 orc wizards
  9 worker ants
  A killer bee zombie (D:6)
  4 ogre zombies (D:11)
  A hound zombie (D:8)
  A hound skeleton (D:8)
  A howler monkey zombie (D:7)
  5 gnolls (D:11)
  6 adders
  15 river rats
  3 shadow imps
  12 white imps
  2 oozes
  3 adder skeletons
  4 dart slugs
  8 leopard geckos
  77 orcs
  A ball python (D:1)
  11 giant cockroaches
  7 goblins
  9 hobgoblins
  10 jackals
  6 quokkas
  7 bats
  3 frilled lizards
  A giant cockroach zombie (D:6)
  A goblin skeleton (D:11)
  3 goblin zombies (D:11)
  2 hobgoblin zombies (D:11)
  20 kobolds
  A leopard gecko zombie (D:5)
  6 orc skeletons (D:11)
  13 orc zombies (D:11)
  A quokka skeleton (D:4)
  6 rats
  A fungus (D:4)
741 creatures vanquished.

Vanquished Creatures (others)
  A centaur warrior (D:14)
  A centaur (D:11)
  An orc (Orc:2)
  A bush (Lair:5)
  21 fungi
  14 plants
39 creatures vanquished.

Grand Total: 780 creatures vanquished

Notes
Turn   | Place    | Note
-------+----------+-------------------------------------------
     0 | D:1      | junb69 the Demigod Wanderer began the quest for the Orb.
     0 | D:1      | junb69 set off with: a +2 dagger, a scroll of blinking, the Reference Book on the Rocks, a scroll of teleportation, a +0 robe, a bread ration
     0 | D:1      | Reached XP level 1. HP: 14/14 MP: 7/7
     0 | D:1      | Identified the Reference Book on the Rocks
     2 | D:1      | Learned a level 1 spell: Sandblast
   300 | D:1      | Reached skill level 1 in Earth Magic
   524 | D:1      | Reached XP level 2. HP: 20/20 MP: 7/9
  1207 | D:1      | Reached XP level 3. HP: 18/26 MP: 4/10
  2141 | D:2      | Found a white marble altar of Elyvilon.
  2179 | D:2      | Noticed Natasha
  2198 | D:2      | Killed Natasha
  2198 | D:2      | Reached XP level 4. HP: 18/33 MP: 6/12
  2438 | D:2      | Noticed Natasha
  2450 | D:2      | Killed Natasha
  2640 | D:2      | Learned a level 3 spell: Stone Arrow
  2705 | D:2      | Noticed Sigmund
  2707 | D:2      | Noticed Sigmund
  2707 | D:2      | Sigmund changed into Sigmund the ooze
  2715 | D:2      | Killed Sigmund the ooze
  3122 | D:3      | You fall through a shaft!
  3431 | D:3      | Reached skill level 1 in Conjurations
  3764 | D:3      | Reached XP level 5. HP: 28/38 MP: 13/13
  5058 | D:4      | Noticed Menkaure
  5327 | D:4      | Found Iwodoc's Antique Armour Boutique.
  5343 | D:4      | Bought a runed robe for 20 gold pieces
  5495 | D:4      | Reached XP level 6. HP: 35/45 MP: 10/14
  5594 | D:4      | Reached skill level 5 in Earth Magic
  5986 | D:4      | Found a runed door.
  6225 | D:4      | Killed Menkaure
  6225 | D:4      | Reached XP level 7. HP: 27/50 MP: 5/15
  6771 | D:4      | Reached skill level 5 in Conjurations
  6887 | D:4      | You fall through a shaft for 3 floors!
  7291 | D:5      | Entered Level 5 of the Dungeon
  7460 | D:4      | Noticed Eustachio
  7463 | D:4      | Killed Eustachio
  7463 | D:4      | Reached XP level 8. HP: 57/57 MP: 6/17
  7494 | D:4      | Found a deep blue altar of Sif Muna.
  7710 | D:4      | Reached skill level 4 in Spellcasting
  8061 | D:5      | Found a staircase to the Ecumenical Temple.
  8170 | D:5      | Found a burning altar of Makhleb.
  8230 | D:5      | Got a jewelled falchion
  8231 | D:5      | Identified the +2 falchion "Demigod's Death" {slice, MR++ Dex-4} (You found it on level 5 of the Dungeon)
  8747 | D:6      | Reached skill level 5 in Spellcasting
  8837 | D:4      | Bought a pair of gloves for 130 gold pieces
  8919 | D:4      | Noticed Crazy Yiuf
  8921 | D:4      | Killed Crazy Yiuf
  8933 | D:4      | Got a translucent mace
  8934 | D:4      | Identified the +8 mace of Defiance {holy, *Rage +Fly rPois MR+} (You found it on level 4 of the Dungeon)
  9014 | D:6      | You fall through a shaft for 3 floors!
  9294 | D:7      | Found an ancient bone altar of Kikubaaqudgha.
  9646 | D:7      | Noticed a hippogriff
  9651 | D:7      | Killed a hippogriff
  9965 | D:7      | Reached skill level 6 in Spellcasting
  9965 | D:7      | Reached XP level 9. HP: 41/62 MP: 8/21
 10240 | D:8      | Noticed Maurice
 10281 | D:8      | Found a hide-covered altar of Uskayaw.
 10520 | D:8      | Noticed kae's ghost (novice FoFi)
 10539 | D:8      | Killed kae's ghost
 10784 | D:8      | Reached skill level 7 in Spellcasting
 10946 | D:8      | Killed Maurice
 11313 | D:9      | Reached skill level 1 in Fighting
 11313 | D:9      | Reached skill level 1 in Dodging
 11386 | D:9      | Noticed a gargoyle
 11390 | D:9      | Killed a gargoyle
 11504 | D:9      | Reached XP level 10. HP: 74/74 MP: 14/25
 11587 | D:9      | Noticed Grum
 11649 | D:9      | Killed Grum
 12418 | D:10     | Entered Level 10 of the Dungeon
 12593 | D:10     | Noticed a hill giant
 12598 | D:10     | Killed a hill giant
 12770 | D:10     | Reached skill level 5 in Fighting
 12771 | D:10     | Reached skill level 5 in Dodging
 12784 | D:10     | Noticed Urug
 12848 | D:10     | Got an ancient robe
 12859 | D:10     | Identified the +2 robe of Loin {rElec Regen+ Str-4} (You found it on level 10 of the Dungeon)
 13569 | D:10     | Learned a level 6 spell: Iron Shot
 13680 | D:11     | Found a staircase to the Lair.
 13680 | D:11     | Found a frozen archway.
 13684 | D:11     | Noticed a cyan ugly thing
 13968 | IceCv    | Entered an ice cave
 13968 | IceCv    | Noticed a white ugly thing
 14510 | D:11     | Noticed a cyan ugly thing
 14520 | D:11     | Killed a cyan ugly thing
 14608 | D:11     | Noticed Snorg
 14773 | D:11     | Killed a cyan ugly thing
 14893 | D:11     | Reached XP level 11. HP: 89/89 MP: 7/26
 15150 | D:11     | Found a staircase to the Orcish Mines.
 16164 | D:11     | Noticed a hill giant
 16197 | D:11     | Killed a hill giant
 17386 | Lair:1   | Entered Level 1 of the Lair of Beasts
 18465 | D:10     | Reached skill level 8 in Spellcasting
 18662 | D:10     | Killed Urug
 19567 | Lair:2   | Found a staircase to the Swamp.
 19620 | Lair:2   | Noticed Harold
 19630 | Lair:2   | Killed Harold
 19630 | Lair:2   | Reached XP level 12. HP: 49/96 MP: 0/29
 19817 | Lair:2   | Learned a level 5 spell: Bolt of Magma
 20142 | Lair:2   | Noticed Sonja
 20151 | Lair:2   | Killed Sonja
 20151 | Lair:2   | Reached skill level 9 in Spellcasting
 22384 | Lair:3   | Reached skill level 10 in Conjurations
 22739 | Lair:3   | Reached skill level 10 in Earth Magic
 23690 | Lair:4   | Found a hole to the Spider Nest.
 23787 | Lair:4   | Reached skill level 10 in Spellcasting
 24783 | Lair:5   | Noticed an eight-headed hydra
 24796 | Lair:5   | Killed an eight-headed hydra
 24796 | Lair:5   | Reached XP level 13. HP: 93/105 MP: 12/31
 25373 | Lair:5   | Found a staircase to the Slime Pits.
 26569 | Lair:5   | Upgraded the game from 0.19-a0-1714-gcab94ab to 0.19-a0-1720-gc855d72
 26770 | D:11     | Killed Snorg
 27222 | Orc:1    | Entered Level 1 of the Orcish Mines
 27416 | Orc:1    | Found Iniste Umill's Weapon Shop.
 27647 | Orc:1    | Bought the cursed +1 mace "Xas Rurioth" {flame, Int+4} for 273 gold pieces
 27675 | Orc:1    | Noticed Erica
 27677 | Orc:1    | Killed Erica
 27948 | Orc:2    | Entered Level 2 of the Orcish Mines
 27983 | Orc:2    | Noticed 4thArraOfDagon's ghost (journeyman DEFE)
 28023 | Orc:2    | Reached skill level 11 in Spellcasting
 28129 | Orc:2    | Found Guhuyrr's Armour Boutique.
 28130 | Orc:2    | Found a staircase to the Elven Halls.
 28137 | Orc:2    | Bought a +3 leather armour of fire resistance for 288 gold pieces
 29110 | Orc:2    | Killed 4thArraOfDagon's ghost
 29722 | Orc:2    | Noticed an orc warlord
 30725 | Orc:2    | Killed an orc warlord
 30789 | Orc:2    | Found a roughly hewn altar of Beogh.
 30792 | Orc:2    | Found Ideacu's Jewellery Emporium.
 31170 | Orc:2    | Found Zaexirr's General Store.
 31185 | Orc:2    | Found Jeup's Antique Weapon Emporium.
 31201 | Orc:2    | Found Zuekamel's Antique Armour Emporium.
 31602 | Orc:2    | Found Mosaoram's Armour Boutique.
 32253 | Orc:2    | Bought an uncursed ring of wizardry for 390 gold pieces
 32263 | Orc:2    | Learned a level 6 spell: Statue Form
 32809 | D:12     | Reached XP level 14. HP: 95/118 MP: 1/34
 35017 | D:13     | Found a labyrinth entrance.
 35027 | Lab      | Entered a labyrinth
 36081 | Lab      | Reached skill level 12 in Spellcasting
 36096 | Lab      | Got a faintly glowing hand axe
 36100 | Lab      | Identified the +10 hand axe of Subjectivity {flame, rF+ Str+3 Int+2} (You found it in a labyrinth)
 36591 | D:13     | Noticed Nessos
 36594 | D:13     | Killed Nessos
 38715 | D:14     | Noticed Roxanne
 39213 | D:14     | Reached skill level 1 in Shields
 40875 | D:14     | Reached skill level 13 in Spellcasting
 41276 | D:14     | Learned a level 2 spell: Repel Missiles
 41279 | D:14     | Learned a level 2 spell: Blink
 41581 | D:13     | HP: 5/118 [wizard/stone arrow (10)]
 41588 | D:13     | Killed from afar by a wizard

Vault maps used:
D:1:      dpeg_arrival_rooms_with_view, minmay_octomino_c4
D:2:      st_stairs_1, minmay_misc_feat_room, grunt_decor_arrowhead,
          elyvilon_altar_4, uniq_natasha, uniq_sigmund
D:3:      serial_bayou_pond_b
D:4:      kennysheep_little_box, serial_shops, kennysheep_mini_moat,
          minmay_item_behind_shaft, serial_park_tiny_1, uniq_menkaure,
          uniq_eustachio, uniq_crazy_yiuf_cottage
D:5:      bloody_makhleb, first_bread
D:6:      grunt_temple_overflow_opulence
D:7:      kiku_gazebo_garden_becter
D:8:      lemuel_crystal_altar, uniq_maurice
D:9:      nicolae_overflow_hidden_temple, uniq_grum
D:10:     uniq_urug
D:11:     lair_0_dummy, zombieorc2_lemuel, portal_ice_cave_entry_imps,
          uniq_snorg
D:13:     lab_entry_generic, the_bakery, uniq_nessos
D:14:     grunt_vaults_entry_tiered, kennysheep_cross_bottleneck, minivault_4,
          minivault_22, uniq_roxanne
Lair:1:   lemuel_fruit_tree
Lair:2:   swamp_mist_pool, hangedman_lair_unloving_vines,
          bh_autumn_forest_stairs, uniq_sonja, uniq_harold
Lair:3:   serial_bayou_crossing
Lair:4:   dummy_spider_entry
Lair:5:   minmay_slime_entry_oklob_open, grunt_megastairs_5,
          infiniplex_staircase_pool_2
Orc:1:    serial_shops, shop, uniq_erica
Orc:2:    grunt_orc_cross, serial_shops, nicolae_shop_behind_doors, shop
Lab:      nicolae_lab_flowing_pool
IceCv:    ice_cave_statue_garden_teleport

Skill      XL: |  1  2  3  4  5  6  7  8  9 10 11 12 13 14 |
---------------+-------------------------------------------+-----
Earth Magic    | 1 2 3 4 5 6 7 9 10 11 | 11.8
Conjurations   | 1 2 4 5 6 7 9 10 11 | 11.2
Spellcasting   | 6 7 8 10 11 13 | 13.0
Fighting       | 2 6 7 9 |  9.1
Dodging        | 2 6 7 8 |  8.5
Stealth        | 4 |  4.0
Shields        | 4 |  4.0
Short Blades   | |  1.7
Throwing       | |  1.0
Summonings     | |  1.0

Action                   |  1- 3 |  4- 6 |  7- 9 | 10-12 | 13-15 || total
-------------------------+-------+-------+-------+-------+-------++-------
Melee: Dagger            |    35 |   125 |    27 |       |       ||   187
       Falchion          |       |       |    28 |       |       ||    28
       Mace              |       |       |    44 |   141 |   224 ||   409
 Fire: Blowgun           |       |       |       |       |     6 ||     6
 Cast: Sandblast         |    65 |   102 |    28 |    12 |     7 ||   214
       Stone Arrow       |       |    15 |   117 |   533 |   515 ||  1180
       Iron Shot         |       |       |       |    13 |   118 ||   131
       Bolt of Magma     |       |       |       |       |     1 ||     1
Evoke: Wand              |       |     2 |     2 |     7 |     3 ||    14
  Use: Scroll            |       |     5 |     4 |    13 |    10 ||    32
       Potion            |       |     1 |       |     6 |     2 ||     9
 Stab: Sleeping          |     1 |     1 |       |     1 |       ||     3
       Invisible         |       |       |       |     2 |       ||     2
       Distracted        |       |       |       |       |     1 ||     1
  Eat: Chunk             |     4 |    13 |    15 |    31 |    40 ||   103
       Beef jerky        |       |       |     2 |       |     3 ||     5
       Fruit             |       |       |     3 |     8 |     1 ||    12
       Bread ration      |       |       |       |     1 |     5 ||     6
       Pizza             |       |       |       |     2 |       ||     2
       Meat ration       |       |       |       |     1 |     2 ||     3
Armor: Robe              |    23 |    45 |    36 |    73 |   131 ||   308
       Skin              |       |     1 |       |     8 |       ||     9
       Leather armour    |       |       |       |       |     2 ||     2
Dodge: Dodged            |    46 |   112 |    91 |   261 |   284 ||   794
Block: Other             |       |       |     8 |    87 |    69 ||   164
       Reflection        |       |       |       |     4 |    17 ||    21
       Buckler           |       |       |       |       |    44 ||    44
